 Dungeon Crawl Stone Soup version 0.30.0-10-gfe55d96785 (webtiles) character file.

Game seed: 9488974136833403735

10467 Firecrotchwizard the Severer (level 11, -1/101 HPs)
             Began as a Hill Orc Monk on May 16, 2023.
             Was an Elder of Beogh.
             Slain by an Executioner (3 damage)
             ... on level 2 of the Abyss.
             The game lasted 00:22:23 (12725 turns).

Firecrotchwizard the Severer (Hill Orc Monk)       Turns: 12725, Time: 00:22:23

Health: -1/101     AC: 22    Str: 22      XL:     11   Next: 62%
Magic:  16/16      EV: 10    Int:  3 (7)  God:    Beogh [****..]
Gold:   469        SH:  5    Dex: 18      Spells: 10/10 levels left

rFire   . . .        E - +10 hammer "Valos" {flame, rC+}
rCold   + . .        (no shield)
rNeg    + . .        G - +4 chain mail "Zuathir" {Str+3 Int-3 Dex+7}
rPois   .            x - +0 helmet
rElec   .            J - +0 cloak
rCorr   .            L - +0 pair of gloves
SInv    .            I - +2 pair of boots {Fly}
Will    .....        s - amulet of reflection Stlth
                     k - ring of positive energy
HPRegen 0.00/turn    C - ring of flight
MPRegen 0.15/turn

%: reflection
@: sick, flying
A: clumsy 1, low MP 1
a: Renounce Religion, Smiting, Recall Orcish Followers


You were on level 2 of the Abyss.
You worshipped Beogh.
Beogh was greatly pleased with you.
You visited 2 branches of the dungeon, and saw 12 of its levels.
You visited the Abyss 1 time.

You collected 979 gold pieces.
You spent 510 gold pieces at shops.

Inventory:

Hand Weapons
 v - a +2 flail of draining
 E - the +10 hammer "Valos" (weapon) {flame, rC+}
   (You found it on level 6 of the Dungeon)

   rC:        It protects you from cold.
Missiles
 b - 5 curare-tipped darts (quivered)
Armour
 d - an orb of light
 x - a +0 helmet (worn)
 G - the +4 chain mail "Zuathir" (worn) {Str+3 Int-3 Dex+7}
   (You bought it in a shop on level 3 of the Dungeon)

   Str:       It affects your strength (+3).
   Int:       It affects your intelligence (-3).
   Dex:       It affects your dexterity (+7).
 I - a +2 pair of boots of flying (worn)
 J - a +0 cloak (worn)
 K - +0 acid dragon scales
 L - a +0 pair of gloves (worn)
Jewellery
 g - a ring of wizardry
 k - a ring of positive energy (left hand)
 s - an amulet of reflection (around neck)
 u - a +6 ring of intelligence
 C - a ring of flight (right hand)
Wands
 B - a wand of paralysis (13)
 D - a wand of iceblast (9)
Scrolls
 a - a scroll of fear {unknown}
 i - 6 scrolls of identify
 j - a scroll of brand weapon {unknown}
 m - 2 scrolls of torment {unknown}
 o - a scroll of magic mapping {unknown}
 p - a scroll of enchant armour
 q - 2 scrolls of fog {unknown}
 t - 2 scrolls of teleportation
 w - a scroll of enchant weapon
 y - 2 scrolls of amnesia
 H - a scroll of poison {unknown}
Potions
 c - 2 potions of ambrosia
 e - 3 potions of heal wounds
 f - 2 potions of curing
 h - a potion of brilliance {unknown}
 l - 2 potions of might
 n - 3 potions of mutation
 r - a potion of attraction {unknown}
 z - a potion of lignification {unknown}
 A - a potion of magic {unknown}
 F - 2 potions of flight {unknown}


   Skills:
 + Level 10.4 Fighting
 * Level 15.3 Axes
 + Level 8.9 Armour
 - Level 2.4 Dodging
 + Level 10.0 Invocations


You had 10 spell levels left.
You didn't know any spells.
Your spell library contained the following spells:

 Spells                   Type           Power      Damage    Failure   Level
 Apportation              Tloc           0%         N/A       97%         1
 Magic Dart               Conj           0%         1d3       97%         1
 Sandblast                Erth           0%         2d4       97%         1
 Call Imp                 Summ           0%         N/A       99%         2
 Passwall                 Tmut/Erth      0%         N/A       99%         2
 Sublimation of Blood     Necr           0%         N/A       99%         2
 Wereblood                Tmut           0%         N/A       99%         2
 Mephitic Cloud           Conj/Pois/Air  0%         N/A       100%        3
 Stone Arrow              Conj/Erth      0%         3d7       100%        3
 Alistair's Intoxication  Tmut/Pois      0%         N/A       100%        5
 Summon Hydra             Summ           0%         N/A       100%        7


Dungeon Overview and Level Annotations

Branches:
Dungeon (10/15)            Temple (0/1) D:5             Orc (2/2) D:10
    Elf (0/3) Orc:2
   Lair: D:8-11

Altars:
Ashenzari
Dithmenos
Elyvilon
Fedhas
Gozag
Hepliaklqana
Kikubaaqudgha
Nemelex Xobeh
Okawaru
Qazlal
Ru
Sif Muna
Trog
Uskayaw
Yredelemnul
Zin
The Shining One

Shops:
D:3 [[!*!   Orc:2 (

Annotations:
D:6 1 runed translucent door, Crazy Yiuf
D:9 3 runed translucent doors, hattop's ghost, novice MiBe
Orc:2 Blork the orc


Innate Abilities, Weirdness & Mutations

You are clumsy. (Dex -2)
Your magical capacity is low. (-10% MP)


Message History

The thrashing horror tramples you but does no damage. x3
The thrashing horror tramples you.
* * * LOW HITPOINT WARNING * * *
You hold your ground!
You thump the thrashing horror! You burn the thrashing horror.
You destroy the thrashing horror!
Beogh accepts your kill.
You feel your intelligence returning.
You barely miss the lurking horror.
Your body is wracked with pain!
* * * LOW HITPOINT WARNING * * *
Unknown command.
Unknown command.
You start resting.
An ancient zyme comes into view.
You feel yourself growing ill in the presence of the ancient zyme.
A starcursed mass comes into view.
A starcursed mass splits.
A starcursed mass splits.
A starcursed mass splits. x2
You hit the starcursed mass. You burn the starcursed mass.
The starcursed mass is lightly damaged.
The starcursed mass shudders and withdraws towards its neighbour.
You hit the starcursed mass but do no damage.
The starcursed mass is lightly damaged.
The starcursed mass touches you but does no damage.
You thump the starcursed mass! You burn the starcursed mass.
The starcursed mass is moderately damaged.
The starcursed mass shudders and is absorbed by its neighbour.
You hit the starcursed mass. You burn the starcursed mass.
You punch the starcursed mass, but do no damage.
The starcursed mass is moderately damaged.
The starcursed mass shudders and is absorbed by its neighbour.
A starcursed mass splits.
You block the starcursed mass's attack. The starcursed mass barely misses you.
You feel yourself growing ill in the presence of the ancient zyme.
You hit the starcursed mass. You burn the starcursed mass.
The starcursed mass is lightly damaged.
The starcursed mass shudders and is absorbed by its neighbour.
An Executioner comes into view.
The Executioner gives a hideous shriek!
You feel yourself growing ill in the presence of the ancient zyme.
A starcursed mass splits.
The ancient zyme hits you but does no damage.
The ancient zyme hits you.
* * * LOW HITPOINT WARNING * * *
The starcursed mass shrieks in your mind.
* * * LOW HITPOINT WARNING * * *
You bludgeon the ancient zyme!! You burn the ancient zyme.
The ancient zyme is heavily damaged.
The ancient zyme hits you but does no damage.
The ancient zyme completely misses you.
You sock the ancient zyme! You burn the ancient zyme.
The ancient zyme is severely damaged.
The ancient zyme hits you.
* * * LOW HITPOINT WARNING * * *
The ancient zyme hits you but does no damage.
You feel ill.
The starcursed mass shrieks in your mind.
* * * LOW HITPOINT WARNING * * *
You hit the ancient zyme. You burn the ancient zyme.
The ancient zyme is almost destroyed.
The ancient zyme closely misses you.
The ancient zyme hits you but does no damage.
The starcursed mass shrieks in your mind.
* * * LOW HITPOINT WARNING * * *
You thump the ancient zyme! You burn the ancient zyme.
You destroy the ancient zyme!
Beogh accepts your kill.
The Executioner gestures.
The Executioner seems to speed up.
Your Invocations skill increases to level 10!
You hit the Executioner but do no damage.
The Executioner completely misses you.
The Executioner hits you but does no damage.
The Executioner hits you.
* * * LOW HITPOINT WARNING * * *
The Executioner closely misses you.
The Executioner hits you but does no damage.
The Executioner barely misses you. You block the Executioner's attack.
The Executioner hits you but does no damage. x2
You miss the Executioner. The Executioner hits you!
* * * LOW HITPOINT WARNING * * *
You block the Executioner's attack. x2; The Executioner barely misses you.
The Executioner hits you but does no damage. x2
A starcursed mass splits.
The Executioner closely misses you.
The Executioner hits you but does no damage.
The Executioner barely misses you.
You closely miss the Executioner. You block the Executioner's attack.
The Executioner hits you but does no damage. x2
The Executioner hits you.
* * * LOW HITPOINT WARNING * * *
The Executioner completely misses you. You block the Executioner's attack.
The starcursed mass touches you but does no damage.
A chorus of shrieks assaults your mind.
* * * LOW HITPOINT WARNING * * *
The Executioner hits you but does no damage. x3
You hit the Executioner but do no damage.
The Executioner hits you but does no damage.
The Executioner hits you.
You die...

....# #
.### .
#..###. #
#...##
##.#..
#.#..##..
# .#....#
####...#
#
##XX#..#
# #@#.


XX# . ##1X## .. ###ยง..#.#.# ...## #.#.. .#... # .. You could see 3 starcursed
masses and an Executioner (fast).

Vanquished Creatures
  A two-headed ogre (Orc:2)
  A boulder beetle (D:10)
  2 thrashing horrors (Abyss:2)
  An orc knight (Orc:2)
  An ancient zyme (Abyss:2)
  4 trolls
  A vampire (D:10)
  9 yaks
  2 neqoxecs (Abyss:2)
  2 steam dragons
  Menkaure (D:5)
  A warg (Orc:2)
  2 acid dragons
  2 water moccasins
  2 orc warriors (Orc:2)
  An ice beast (D:8)
  A sky beast (D:7)
  2 black bears (D:6)
  3 centaurs
  A phantom (D:4)
  5 kobold brigands
  4 gnoll sergeants
  3 bullfrogs
  2 necrophages (D:6)
  A wyvern zombie (D:6)
  A scorpion (D:4)
  2 small abominations (Abyss:2)
  6 wights
  A water moccasin zombie (D:6)
  11 killer bees
  A human zombie (D:6)
  A bullfrog zombie (D:6)
  3 jellies
  3 hounds
  8 orc priests
  2 iguanas
  5 orc wizards
  2 killer bee zombies (D:6)
  A mummy (D:6)
  18 gnolls
  9 adders
  A white imp (D:5)
  An ufetubus (D:5)
  5 worms
  A dart slug (D:4)
  10 orcs
  4 bats
  3 endoplasms
  4 giant cockroaches
  8 goblins
  5 hobgoblins
  5 jackals
  24 kobolds
  6 quokkas
  7 ball pythons
  2 frilled lizards
  5 rats
220 creatures vanquished.

Vanquished Creatures (collateral kills)
  A cyclops (D:9)
  A centaur (D:9)
  An orc priest (Orc:2)
  An orc wizard (Orc:2)
  3 orcs
7 creatures vanquished.

Vanquished Creatures (others)
  3 orc warriors
  Blork the orc (Orc:2)
  3 orc priests (Orc:2)
  4 orc wizards
  10 orcs
  A lurking horror (Abyss:2)
22 creatures vanquished.

Grand Total: 249 creatures vanquished

Notes
Turn   | Place    | Note
-------+----------+-------------------------------------------
     0 | D:1      | Firecrotchwizard the Hill Orc Monk began the quest for the
                  | Orb.
     0 | D:1      | Reached XP level 1. HP: 19/19 MP: 1/1
   288 | D:1      | Reached XP level 2. HP: 26/27 MP: 2/2
   471 | D:1      | Reached skill level 1 in Armour
   791 | D:1      | Reached XP level 3. HP: 30/33 MP: 3/3
  1199 | D:2      | Reached skill level 5 in Axes
  1484 | D:2      | Reached XP level 4. HP: 25/40 MP: 4/4
  2080 | D:3      | Found Yggeut's Armour Emporium.
  2234 | D:3      | Found Voips's General Store.
  2242 | D:3      | Bought a +0 ring mail for 48 gold pieces
  2289 | D:3      | Found Saegis's Distillery.
  2382 | D:3      | Found Qasesef's Distillery.
  2400 | D:3      | Became a worshipper of Beogh the Brigand
  2400 | D:3      | Reached * piety under Beogh
  2400 | D:3      | Reached ** piety under Beogh
  2550 | D:3      | Found a faded altar of an unknown god.
  2620 | D:3      | Found Buorupsa's Armour Shoppe.
  2634 | D:3      | Found a glowing golden altar of the Shining One.
  2738 | D:4      | Noticed a phantom
  2759 | D:4      | Killed a phantom
  2760 | D:4      | Reached skill level 6 in Axes
  2760 | D:4      | Reached XP level 5. HP: 13/47 MP: 5/5
  2981 | D:4      | Reached skill level 1 in Invocations
  2981 | D:4      | Reached XP level 6. HP: 30/55 MP: 6/6
  3099 | D:4      | Reached skill level 5 in Fighting
  3130 | D:4      | Reached skill level 7 in Axes
  3148 | D:4      | HP: 2/56 [poisoned by a scorpion]
  3648 | D:4      | Reached XP level 7. HP: 52/61 MP: 8/8
  3701 | D:4      | Found a sacrificial altar of Ru.
  3959 | D:5      | Entered Level 5 of the Dungeon
  4034 | D:5      | Noticed Menkaure
  4038 | D:5      | Killed Menkaure
  4197 | D:5      | Reached skill level 8 in Axes
  4256 | D:5      | Found a bloodstained altar of Trog.
  4334 | D:5      | Found a staircase to the Ecumenical Temple.
  4547 | D:5      | Found a blossoming altar of Fedhas.
  5069 | D:6      | Reached XP level 8. HP: 27/70 MP: 10/10
  5273 | D:6      | Found a basalt altar of Yredelemnul.
  5307 | D:6      | Reached skill level 9 in Axes
  5403 | D:6      | Reached *** piety under Beogh
  5533 | D:6      | Reached skill level 5 in Armour
  5701 | D:6      | Reached skill level 5 in Invocations
  5707 | D:6      | Reached skill level 10 in Axes
  5922 | D:6      | Reached XP level 9. HP: 34/79 MP: 11/13
  6531 | D:6      | Found a broken altar of Ashenzari.
  6534 | D:6      | Identified the +10 hammer "Valos" {flame, rC+}
  6627 | D:6      | Found a runed translucent door.
  6628 | D:6      | Noticed Crazy Yiuf
  6684 | D:7      | Found a shadowy altar of Dithmenos.
  7115 | D:3      | Bought the +4 chain mail "Zuathir" {Str+3 Int-3 Dex+7} for
                  | 462 gold pieces
  7244 | D:7      | Found a white marble altar of Elyvilon.
  7257 | D:7      | Reached skill level 11 in Axes
  7384 | D:7      | Found a glowing silver altar of Zin.
  7612 | D:7      | Found an iron altar of Okawaru.
  8680 | D:8      | Noticed a troll
  8689 | D:8      | Killed a troll
  8690 | D:8      | Reached skill level 12 in Axes
  9060 | D:9      | Reached XP level 10. HP: 90/90 MP: 15/15
  9712 | D:9      | Reached **** piety under Beogh
 10021 | D:9      | Reached skill level 13 in Axes
 10272 | D:9      | Found a hazy altar of Hepliaklqana.
 10277 | D:9      | Found a stormy altar of Qazlal.
 10277 | D:9      | Found a sparkling altar of Nemelex Xobeh.
 10321 | D:9      | Found a hide-covered altar of Uskayaw.
 10324 | D:9      | Found a shimmering blue altar of Sif Muna.
 10444 | D:9      | Found a runed translucent gate.
 10445 | D:9      | Found a runed translucent gate.
 10446 | D:9      | Found a runed translucent gate.
 10448 | D:9      | Found an opulent altar of Gozag.
 10449 | D:9      | Noticed hattop's ghost (novice MiBe)
 10450 | D:9      | Noticed a cyclops
 10458 | D:9      | Killed a cyclops
 10684 | D:10     | Entered Level 10 of the Dungeon
 11041 | D:10     | Found a staircase to the Orcish Mines.
 11067 | D:10     | Noticed a boulder beetle
 11083 | D:10     | Killed a boulder beetle
 11084 | D:10     | Reached skill level 14 in Axes
 11084 | D:10     | Reached XP level 11. HP: 56/97 MP: 17/17
 11372 | D:10     | Found an ancient bone altar of Kikubaaqudgha.
 11906 | Orc:1    | Entered Level 1 of the Orcish Mines
 11931 | Orc:2    | Entered Level 2 of the Orcish Mines
 12239 | Orc:2    | Found a staircase to the Elven Halls.
 12265 | Orc:2    | Found Hioguun's Weapon Shop.
 12266 | Orc:2    | Noticed a two-headed ogre
 12276 | Orc:2    | Killed a two-headed ogre
 12293 | Orc:2    | Reached skill level 10 in Fighting
 12362 | Orc:2    | Noticed an orc knight
 12370 | Orc:2    | Noticed a soul eater
 12371 | Orc:2    | Noticed Blork the orc
 12373 | Orc:2    | Noticed an orc sorcerer
 12374 | Orc:2    | Killed an orc knight
 12374 | Orc:2    | Your ally Blork the orc died
 12375 | Orc:2    | Noticed an orc knight
 12377 | Abyss:2  | Cast into level 2 of the Abyss (chaos spawn)
 12422 | Abyss:2  | Noticed a thrashing horror
 12428 | Abyss:2  | Killed a thrashing horror
 12429 | Abyss:2  | Reached skill level 15 in Axes
 12465 | Abyss:2  | Gained mutation: You are clumsy. (Dex -2) [a neqoxec]
 12470 | Abyss:2  | Gained mutation: Your magical capacity is low. (-10% MP) [a
                  | neqoxec]
 12472 | Abyss:2  | Noticed a starcursed mass
 12484 | Abyss:2  | HP: 2/100 [starcursed mass/accursed screaming (6)]
 12487 | Abyss:2  | Noticed a thrashing horror
 12641 | Abyss:2  | Noticed a thrashing horror
 12648 | Abyss:2  | Killed a thrashing horror
 12701 | Abyss:2  | Noticed a starcursed mass
 12715 | Abyss:2  | Noticed an Executioner
 12722 | Abyss:2  | Reached skill level 10 in Invocations
 12724 | Abyss:2  | HP: 2/101 [starcursed mass/accursed screaming (7)]
 12725 | Abyss:2  | Slain by an Executioner

Illustrated notes

Levels and vault maps discovered:
D:1:      pf_arrival_petrified_forest, layout_basic, st_stairs_8
D:2:      layout_basic
D:3:      layout_basic, mainiacjoe_overflow_cross_hatched,
          hellmonk_ecumenical_altar_heavens_door, serial_shops, shop,
          nicolae_shop_pleasant_corner_grove, nicolae_diamond_shop, shop,
          nicolae_shop_back_alley_shop
D:4:      layout_loops_ring, nicolae_overflow_crystal_walls,
          corexii_corridor_pit
D:5:      layout_basic, lightli_temple_of_fire, fedhas_altar_3,
          minmay_temple_entry_statues_fountains, uniq_menkaure
D:6:      layout_basic, ashenzari_altar_1, lemuel_mausoleum_altar_yredelemnul,
          uniq_crazy_yiuf_cottage
D:7:      layout_loops_cross, lemuel_coloured_pillars_altar, zin_statuary,
          elyvilon_altar_5, nicolae_dithmenos_shadow_blocks,
          kennysheep_cross_room
D:8:      layout_gridville
D:9:      nicolae_cairo_tiling_large, layout_long_grid,
          minmay_overflow_temple_star_hex, ebering_ghost_gozag,
          minmay_liquid_box, hangedman_decor_clover_reticule
D:10:     layout_stronghold, kiku_gazebo_pond_becter
Orc:1:    nicolae_orc_accident_2, layout_caves, serial_shops,
          nicolae_shop_pleasant_corner_grove, basic_altar, nooodl_orcs_dogs
Orc:2:    grunt_orc_cross, layout_diamond_mine, serial_shops,
          nicolae_shop_trees, nicolae_square_shop, shop, shop, minmay_orc_keep
Abyss:2:  base: D:2, serial_sigils_hangedman_shear

Skill      XL: |  1  2  3  4  5  6  7  8  9 10 11 |
---------------+----------------------------------+-----
Armour         | 1 2 3 4 5 6 8 |  8.9
Fighting       | 4 5 6 7 8 9 10 | 10.4
Axes           | 5 6 7 8 10 12 14 15 | 15.3
Invocations    | 1 2 3 5 7 8 10 | 10.0
Dodging        | |  2.4

Action                     |  1- 3 |  4- 6 |  7- 9 | 10-12 || total
---------------------------+-------+-------+-------+-------++-------
  Melee: Hand axe          |   106 |   160 |       |       ||   266
         Flail             |       |    10 |   173 |       ||   183
         Mace              |       |       |    98 |   236 ||   334
         Punch             |       |       |       |     1 ||     1
 Invoke: Convert to Beogh  |       |     1 |       |       ||     1
         Smiting           |       |       |     2 |     3 ||     5
         Recall Orcish Fol |       |       |       |     1 ||     1
  Evoke: Wand              |       |       |       |     2 ||     2
    Use: Scroll            |       |     4 |     3 |     4 ||    11
         Potion            |       |       |     2 |     1 ||     3
   Stab: Distracted        |       |       |     1 |       ||     1
         Paralysed         |       |       |       |     4 ||     4
 Armour: Robe              |    15 |     3 |       |       ||    18
         Ring mail         |       |    54 |    16 |       ||    70
         Chain mail        |       |       |   163 |   161 ||   324
  Dodge: Dodged            |    63 |    86 |   145 |    83 ||   377
  Block: Orb               |       |    20 |    74 |    51 ||   145
         Reflection        |       |       |     1 |       ||     1
         Other             |       |       |       |     8 ||     8
